 Dungeon Crawl Stone Soup version 0.25-a0-890-g62861fb (webtiles) character file.

Game seed: 6194021788339971790, levelgen mode: deterministic

2569 slphil the Grappler (level 9, -9/89 HPs)
             Began as a Troll Monk on May 11, 2020.
             Was a Priest of Yredelemnul.
             Mangled by a large slime creature (22 damage)
             ... while paralysed by a hornet
             ... on level 7 of the Dungeon.
             The game lasted 00:11:47 (4934 turns).

slphil the Grappler (Troll Monk)                    Turns: 4934, Time: 00:11:49

Health: -9/89      AC:  7    Str: 26    XL:     9   Next: 31%
Magic:  11/11      EV:  1    Int:  6    God:    Yredelemnul [***...]
Gold:   225        SH:  0    Dex: 12    Spells: 8/8 levels left

rFire    . . .     SeeInvis .     - Unarmed
rCold    . . .     Gourm    +   i - +2 kite shield
rNeg     . . .     Faith    .   a - +0 robe
rPois    .         Spirit   .   (helmet restricted)
rElec    .         Reflect  .   w - +0 cloak
rCorr    .         Harm     .   (gloves unavailable)
MR       .....                  (boots unavailable)
Stlth    ++........             (no amulet)
HPRegen  0.64/turn              k - +2 ring of strength
MPRegen  0.12/turn              l - +3 ring of slaying

@: paralysed, lethally poisoned (-9 -> -10), slowed
A: large, unfitting armour, claws 3, fast metabolism 3, gourmand, regeneration
1, shaggy fur 1, tough skin 3
a: Recall Undead Slaves, Injury Mirror, Animate Dead, Renounce Religion


You were on level 7 of the Dungeon.
You worshipped Yredelemnul.
Yredelemnul was most pleased with you.
You were not hungry.

You visited 2 branches of the dungeon, and saw 8 of its levels.

You collected 225 gold pieces.

Inventory:

Missiles
 c - 195 stones (quivered)
 r - 9 boomerangs
 t - 2 curare-tipped darts
Armour
 a - a +0 robe (worn)
 i - a +2 kite shield (worn)
 w - a +0 cloak (worn)
Jewellery
 k - a +2 ring of strength (left claw)
 l - a +3 ring of slaying (right claw)
 n - an uncursed ring of wizardry
 y - an uncursed ring of positive energy {unknown}
 B - an uncursed ring of wizardry
Wands
 m - a wand of acid (11)
Scrolls
 e - 4 scrolls of identify {unknown}
 f - 4 scrolls of teleportation {unknown}
 g - 2 scrolls of remove curse {unknown}
 o - 4 scrolls of amnesia {unknown}
 q - 2 scrolls of enchant armour {unknown}
 s - a scroll of random uselessness {unknown}
 x - 2 scrolls of magic mapping {unknown}
 A - a scroll of fog {unknown}
Potions
 d - a potion of lignification {unknown}
 h - 2 potions of resistance {unknown}
 j - 3 potions of heal wounds {unknown}
 p - a potion of degeneration {unknown}
 u - a potion of ambrosia {unknown}
 v - 2 potions of might {unknown}
 z - a potion of mutation {unknown}
Comestibles
 b - 11 rations


   Skills:
 + Level 5.9 Fighting
 - Level 2.4 Dodging
 - Level 1.0 Stealth
 * Level 9.7 Unarmed Combat
 + Level 5.2 Invocations


You had 8 spell levels left.
You didn't know any spells.
Your spell library was empty.

Dungeon Overview and Level Annotations

Branches:
Dungeon (7/15)             Temple (1/1) D:7

Altars:
Ashenzari
Dithmenos
Elyvilon
Fedhas
Gozag
Hepliaklqana
Kikubaaqudgha
Makhleb
Nemelex Xobeh
Okawaru
Qazlal
Ru
Sif Muna
Trog
Uskayaw
Vehumet
Xom
Yredelemnul
Zin
The Shining One

Shops:
D:4 }   D:6 (


Innate Abilities, Weirdness & Mutations

You are too large for most types of armour.
You have claws for hands.
Your metabolism is lightning-fast.
You like to eat raw meat.
Your natural rate of healing is unusually fast.
You are covered in fur. (AC +1)
You have extremely tough skin. (AC +3)


Message History

The big kobold throws a stone.
The stone hits you.
You miss the hornet. The hornet stings you.
You feel yourself slow down. The hornet stings you!
You feel as though you will be slow longer.
Your black bear zombie bites the hornet but does no damage.
Your black bear zombie barely misses the hornet. x2
The big kobold throws a stone.
You block the stone.
You completely miss the hornet. The hornet stings you!
You are poisoned.
You suddenly lose the ability to move!
The large slime creature hits you!!
* * * LOW HITPOINT WARNING * * *
Your black bear zombie bites the hornet.
Your black bear zombie closely misses the hornet. x2
The crimson imp shouts, "Give in, thou pandering half-faced toady!"
The hornet stings you.
* * * LOW HITPOINT WARNING * * *
You feel as though you will be slow longer.
The large slime creature hits you!!
You die...
Your body rises from the dead as a mindless zombie.

....###.. ##.#
#...#.. #..# #....
#..# # #...##..# .##
#..#..# o..#
#)5#.##.|)).
########..K#...}.:.
#.........#Z##
#####.........#Z@#
..............##yJ#
...##..........##5r#
#..............##.h#
###.###.###>....###.#
#.|...# ........ ...
####..##........ ...
########..#..... ..
................


You could see a large slime creature, a hornet, a big kobold, a hound, 2 crimson
imps, a bullfrog zombie, a quokka and a friendly black bear zombie.

Vanquished Creatures
  Pikel (D:5)
  Prince Ribbit (D:7)
  Eustachio (D:5)
  Duvessa (D:4)
  An ice beast (D:7)
  A slave (D:5)
  An orc warrior (D:6)
  A black bear (D:7)
  2 ogres
  A phantom (D:6)
  2 centaurs (D:6)
  A bullfrog (D:7)
  Dowan (D:4)
  A howler monkey (D:7)
  2 crimson imps (D:6)
  A bullfrog zombie (D:5)
  A centaur zombie (D:6)
  3 hounds
  Crazy Yiuf (D:4)
  A gnoll shaman (D:6)
  An iguana (D:6)
  7 orc wizards
  2 worker ants
  4 gnolls (D:6)
  7 adders
  3 oozes
  2 worms
  2 dart slugs
  5 leopard geckos
  9 orcs
  3 ball pythons (D:1)
  8 bats
  8 giant cockroaches
  11 goblins
  5 hobgoblins
  8 jackals
  A quokka (D:2)
  A ball python skeleton (D:3)
  2 frilled lizards
  6 kobolds
  A leopard gecko skeleton (D:4)
  A leopard gecko zombie (D:7)
  A quokka skeleton (D:6)
  7 rats
130 creatures vanquished.

Vanquished Creatures (collateral kills)
  A scorpion (D:6)
  A gnoll (D:6)
2 creatures vanquished.

Vanquished Creatures (others)
  3 orcs (D:5)
  3 jackals (D:5)
6 creatures vanquished.

Grand Total: 138 creatures vanquished

Notes
Turn   | Place    | Note
-------+----------+-------------------------------------------
     0 | D:1      | slphil the Troll Monk began the quest for the Orb.
     0 | D:1      | Reached XP level 1. HP: 22/22 MP: 0/0
    80 | D:1      | Reached XP level 2. HP: 29/29 MP: 1/1
   334 | D:1      | Reached XP level 3. HP: 32/36 MP: 2/2
   676 | D:2      | Reached skill level 4 in Unarmed Combat
   739 | D:2      | Found a sparkling altar of Nemelex Xobeh.
   740 | D:2      | Found an opulent altar of Gozag.
   830 | D:2      | Found a hazy altar of Hepliaklqana.
   838 | D:2      | Found a glowing golden altar of the Shining One.
   839 | D:2      | Found a hide-covered altar of Uskayaw.
   855 | D:2      | Found an ancient bone altar of Kikubaaqudgha.
  1345 | D:2      | Reached XP level 4. HP: 45/45 MP: 3/3
  1556 | D:3      | Found a white marble altar of Elyvilon.
  1664 | D:3      | Found a shimmering blue altar of Sif Muna.
  1940 | D:3      | Found a basalt altar of Yredelemnul.
  2028 | D:3      | Became a worshipper of Yredelemnul the Dark
  2028 | D:3      | Reached * piety under Yredelemnul
  2028 | D:3      | Reached ** piety under Yredelemnul
  2209 | D:3      | Reached skill level 5 in Unarmed Combat
  2209 | D:3      | Reached XP level 5. HP: 53/53 MP: 4/4
  2282 | D:4      | Noticed an ogre
  2285 | D:4      | Killed an ogre
  2285 | D:4      | Reached skill level 1 in Invocations
  2348 | D:4      | Reached XP level 6. HP: 59/61 MP: 6/6
  2404 | D:4      | Found Nistos's Gadget Shoppe.
  2522 | D:4      | Reached skill level 6 in Unarmed Combat
  2613 | D:4      | Found a runed translucent door.
  2614 | D:4      | Noticed Crazy Yiuf
  2738 | D:4      | Paralysed by Crazy Yiuf for 4 turns
  2750 | D:4      | Killed Crazy Yiuf
  2867 | D:4      | Noticed Dowan
  2884 | D:4      | Noticed Duvessa
  2886 | D:4      | Killed Dowan
  2893 | D:4      | Killed Duvessa
  2893 | D:4      | Reached XP level 7. HP: 59/70 MP: 7/7
  3069 | D:5      | Entered Level 5 of the Dungeon
  3109 | D:5      | Noticed Pikel
  3117 | D:5      | Killed Pikel
  3117 | D:5      | Reached skill level 7 in Unarmed Combat
  3117 | D:5      | Reached XP level 8. HP: 64/79 MP: 7/9
  3428 | D:5      | Noticed Eustachio
  3462 | D:5      | Killed Eustachio
  3462 | D:5      | Reached skill level 8 in Unarmed Combat
  3506 | D:5      | Reached skill level 5 in Fighting
  3948 | D:6      | Found a shattered altar of Ashenzari.
  4037 | D:6      | Reached *** piety under Yredelemnul
  4170 | D:6      | Reached skill level 9 in Unarmed Combat
  4194 | D:6      | Reached XP level 9. HP: 48/88 MP: 11/11
  4381 | D:6      | Found Vuejoti's Weapon Boutique.
  4663 | D:7      | Found a staircase to the Ecumenical Temple.
  4687 | Temple   | Entered the Ecumenical Temple
  4915 | D:7      | Reached skill level 5 in Invocations
  4925 | D:7      | Noticed Prince Ribbit
  4931 | D:7      | Killed Prince Ribbit
  4934 | D:7      | Paralysed by a hornet for 2 turns
  4934 | D:7      | Mangled by a large slime creature

Levels and vault maps discovered:
D:1:      dpeg_arrival_rooms_b, layout_basic, st_stairs_5
D:2:      layout_basic, grunt_temple_overflow_opulence, lemuel_round_altar,
          minitemple
D:3:      layout_basic, kennysheep_ying_yang, first_ration, led_sif_book
D:4:      layout_basic, serial_shops, nicolae_shop_statue_plus,
          uniq_crazy_yiuf_cottage, uniq_duvessa
D:5:      layout_basic, kennysheep_nub, nicolae_underground_beach, uniq_pikel,
          uniq_eustachio
D:6:      layout_gridville, ashenzari_conservatory_becter, serial_shops,
          nicolae_shop_window_shopping, hangedman_decor_riveting
D:7:      minmay_the_grid_octo_triangle [minmay_the_grid_octo_horde,
          minmay_the_grid_octo_prize_star, minmay_the_grid_octo_chip],
          layout_rooms, temple_statues, grunt_qazlal_clouds, uniq_prince_ribbit1
Temple:   minmay_temple_curvy_loop

Skill      XL: |  1  2  3  4  5  6  7  8  9 |
---------------+----------------------------+-----
Unarmed Combat | 4 5 6 7 9 |  9.7
Fighting       | 3 4 5 |  5.9
Invocations    | 1 2 3 4 5 |  5.2
Dodging        | |  2.4
Stealth        | |  1.0

Action                   |  1- 3 |  4- 6 |  7- 9 || total
-------------------------+-------+-------+-------++-------
Melee: Unarmed           |   104 |   110 |   135 ||   349
Throw: Dart              |       |     2 |       ||     2
       Stone             |       |     2 |       ||     2
Invok: Animate Dead      |       |       |     6 ||     6
       Animate Remains   |       |       |     2 ||     2
       Recall Undead Sla |       |       |     1 ||     1
 Stab: Sleeping          |     3 |     1 |     2 ||     6
       Invisible         |       |     1 |       ||     1
       Distracted        |       |       |     2 ||     2
  Eat: Chunk             |    18 |    14 |    10 ||    42
       Ration            |       |       |     1 ||     1
Armor: Robe              |    36 |    32 |    33 ||   101
Dodge: Dodged            |    40 |    29 |    33 ||   102
Block: Kite shield       |    14 |    39 |    59 ||   112

Table legend:
 A = Non-vault XP
 B = Vault XP
 C = Vault XP percentage of total XP
 D = Non-vault monster count
 E = Vault monster count
 F = Vault count percentage of total count
                 A         B        C        D         E       F
            +---------+---------+-------+---------+---------+-------
      Total |    2100 |    1571 |  42.8 |     119 |      12 |   9.2
            +---------+---------+-------+---------+---------+-------
        D:1 |      45 |       5 |  10.0 |      23 |       3 |  11.5
        D:2 |      49 |       0 |   0.0 |      18 |       0 |   0.0
        D:3 |      46 |      79 |  63.2 |      20 |       2 |   9.1
        D:4 |     368 |     253 |  40.7 |      15 |       3 |  16.7
        D:5 |     229 |     921 |  80.1 |      18 |       2 |  10.0
        D:6 |     846 |       0 |   0.0 |      18 |       0 |   0.0
        D:7 |     517 |     313 |  37.7 |       7 |       2 |  22.2
            +---------+---------+-------+---------+---------+-------
